Map: Temple of the Past

Players

NamroodTuo

  • Race: Zerg Zerg

TiBzZO

  • Race: Terran Terran
  • Spawn Location: 0:00

VOD

Have the link to the VOD?

Description

Time

  • Played on: April 16, 2023, 10:26 a.m.
  • Length: 26:29
Show
View Real Time Build Order
Export as new Build Order

NamroodTuo Zerg 

Build Orders:  

Get SALT Encoding   

  12  0:19  Infested Barracks  
  12  0:32  Overlord  
  12  0:39  Infested SCV  
  13  0:51  Infested SCV  
  13  0:53  Infested SCV  
  15  1:20  Infestation Level 1  
  15  1:23  Infested SCV  
  15  1:29  Infested SCV  
  17  1:33  Infested SCV  
  17  1:39  Infested SCV  
  19  1:44  Infested SCV  
  20  1:56  Infested Refinery  
  20  1:57  Infested SCV  
  21  2:10  Infested SCV  
  22  2:25  Overlord  
  22  2:43  Infested Refinery  
  22  2:45  Infested SCV  
  23  3:04  Infested Command Center  
  23  3:08  Infested SCV  
  24  3:23  Overlord  
  24  3:29  Infested Barracks Tech Lab  
  24  3:54  Infested Marine x3  
  27  4:01  Infested Marine x2  
  27  4:02  Infested Marine x10  
  27  4:08  Overlord  
  27  4:09  Overlord  
  39  4:27  Anaerobic Enhancement  
  39  4:30  Retinal Augmentation  
  39  4:41  Infested Engineering Bay  
  39  5:17  Infested Marine  
  39  5:18  Infested Marine x14  
  54  5:30  Plagued Munitions  
  51  5:50  Infested SCV x4  
  51  5:51  Infested SCV  
  51  5:53  Infested Command Center  
  44  6:08  Infestation Level 2  
  44  6:12  Infested SCV x3  
  44  6:17  Infested SCV  
  48  6:33  Infested Factory  
  48  6:42  Infested SCV  
  48  6:43  Infested SCV  
  48  6:44  Infested SCV  
  44  7:00  Infested Marine x2  
  44  7:01  Infested Marine x11  
  49  7:19  Overlord  
  46  7:27  Stukov Infantry Weapons Level 1  
  36  7:30  Infested SCV  
  36  7:31  Infested SCV  
  36  7:36  Infested Refinery  
  38  7:46  Infested Marine  
  38  7:47  Infested Marine x15  
  54  8:02  Overlord x3  
  54  8:08  Infested SCV, Broodling Gestation  
  54  8:09  Infested SCV  
  53  8:29  Overlord x2  
  53  8:38  Infested Factory Tech Lab, Infested Armory  
  51  9:08  Infested SCV x2  
  57  9:11  Infested SCV  
  57  9:13  Infested SCV  
  57  9:15  Infested Bunker  
  57  9:16  Infested SCV  
  59  9:30  Unknown  
  49  9:44  Infested Marine x5  
  49  9:45  Infested Marine x15  
  69  10:00  Infested SCV x3  
  69  10:07  Stukov Infantry Armor Level 1  
  76  10:10  Infested Bunker  
  76  10:13  Infested Missile Turret  
  76  10:38  Infestation Level 3  
  76  10:41  Infested Missile Turret  
  70  11:31  Infested Marine  
  70  11:32  Infested Marine x19  
  57  12:01  Infested Barracks  
  50  12:13  Infested Bunker  
  58  12:23  Infested Marine  
  58  12:24  Infested Marine x5  
  64  12:35  Infested Marine  
  64  12:36  Infested Marine x6  
  71  12:45  Overseer x2  
  71  12:46  Overseer x3  
  71  12:47  Stukov Infantry Weapons Level 2  
  65  12:57  Stukov Vehicle and Ship Weapons Level 1  
  54  13:01  Infested Bunker  
  54  13:14  Infested Marine  
  54  13:15  Infested Marine x7  
  54  13:16  Infested Marine x3  
  64  13:48  Infested Missile Turret  
  64  13:55  Infested SCV x2  
  64  13:56  Infested SCV  
  64  13:59  Overlord x2  
  67  14:00  Aggressive Incubation  
  67  14:17  Infested Missile Turret  
  67  14:45  Infested Bunker  
  71  14:55  Infested Bunker  
  76  15:03  Infested Bunker  
  76  15:04  Infested Marine  
  76  15:05  Infested Marine x9  
  76  15:06  Infested Marine x21  
  76  15:07  Infested Marine x2  
  100  15:27  Infested SCV  
  100  15:28  Infested SCV x3  
  104  15:34  Infested Bunker  
  104  15:37  Stukov Vehicle and Ship Armor Level 1  
  104  15:39  Infested SCV  
  113  15:50  Infested Bunker  
  113  15:57  Regenerative Plating  
  113  16:02  Infested Bunker  
  113  16:07  Infested Bunker  
  121  16:17  Infested Missile Turret  
  121  16:22  Infested Missile Turret  
  121  16:23  Infested Marine  
  121  16:24  Infested Marine x9  
  121  16:25  Infested Marine x3  
  134  16:44  Infested Refinery  
  134  16:56  Calcified Armor  
  105  17:03  Infested Bunker  
  105  17:28  Infested Bunker  
  109  17:38  Infested Bunker  
  112  17:49  Infested Missile Turret  
  112  17:56  Stukov Infantry Armor Level 2  
  116  18:00  Infested Bunker  
  116  18:17  Infested Missile Turret  
  107  18:30  Infested Bunker  
  107  18:47  Infested Missile Turret  
  107  19:14  Infested Bunker  
  107  19:17  Infested Missile Turret  
  115  19:25  Infested Bunker  
  115  19:37  Infested Marine x5  
  115  19:38  Infested Marine x14  
  134  20:01  Infested Missile Turret  
  133  20:13  Infested Missile Turret  
  133  20:17  Overlord x4  
  133  20:18  Overlord  
  132  20:51  Infested Marine  
  132  20:52  Infested Marine x14  
  151  21:04  Infested Bunker  
  155  21:12  Infested Bunker  
  159  21:25  Infested Bunker  
  133  21:50  Infested Missile Turret  
  133  21:59  Infested Missile Turret  
  137  22:05  Infested SCV x2  
  139  22:19  Infested Bunker  
  143  22:23  Infested Bunker  
  146  22:40  Infested Bunker  
  132  22:51  Infested Marine x7  
  132  22:52  Infested Marine x19  
  132  22:53  Infested Marine x5  
  163  23:06  Infested Missile Turret  
  157  23:10  Infested Missile Turret  
  140  23:25  Infested Marine x7  
  140  23:26  Infested Marine x15  
  158  23:33  Infested Bunker  
  160  23:49  Infested Marine  
  162  23:50  Infested Marine x8  
  162  23:51  Infested Marine  
  158  24:14  Saturated Cultures  
  156  24:23  Infested Bunker  
  160  24:50  Infested Bunker  
  160  25:05  Infested Bunker  
  154  25:37  Infested Missile Turret  
  140  25:51  Infested Marine  
  140  25:52  Infested Marine x17  
  140  25:54  Infested Missile Turret  
Show
View Real Time Build Order
Export as new Build Order

TiBzZO Terran 

Build Orders:  

Get SALT Encoding   

  12  0:07  SCV  
  13  0:20  Refinery  
  13  0:28  SCV  
  14  0:40  Refinery  
  14  0:45  SCV  
  15  1:02  SCV  
  16  1:19  SCV  
  17  1:36  SCV  
  18  1:53  SCV  
  18  1:58  Caduceus Reactor  
  19  2:10  SCV  
  20  2:27  SCV  
  21  2:44  SCV  
  22  3:01  SCV  
  23  3:18  SCV  
  24  3:23  Defensive Drone  
  24  3:28  Ghost Visor  
  24  3:35  SCV  
  25  3:52  SCV  
  25  3:53  Defensive Drone  
  26  4:23  SCV  
  27  4:40  SCV  
  27  4:44  Command Center  
  28  4:57  SCV  
  29  5:14  SCV  
  30  5:31  SCV  
  31  5:48  SCV  
  32  6:04  SCV  
  33  6:11  Barracks  
  33  6:21  SCV  
  33  6:24  Engineering Bay  
  33  6:25  Engineering Bay  
  34  6:38  SCV  
  34  6:39  Factory  
  35  6:42  Starport  
  35  6:55  SCV  
  36  7:11  Refinery  
  36  7:16  Unknown  
  36  7:24  Refinery  
  36  7:52  Barracks Tech Lab  
  36  7:54  Factory Tech Lab  
  36  7:55  Starport Tech Lab  
  36  8:05  Armory  
  36  9:04  Terran Infantry Weapons Level 1  
  36  9:05  Terran Infantry Armor Level 1  
  36  9:08  Super Stimpack  
  36  9:29  Tactical Airlift  
  36  9:57  Elite Marine x2  
  44  10:38  Laser Targeting System  
  43  11:13  Raven Type-II  
  45  11:46  Hellbat Rangers x2  
  45  11:49  Spec Ops Ghost x2  
  61  12:04  Suppression Shells  
  61  12:18  Railgun Turret  
  61  12:45  Tactical Airlift  
  63  12:58  Railgun Turret  
  61  13:04  Suppression Shells  
  61  13:13  Griffin Airstrike  
  61  13:26  Terran Vehicle and Ship Weapons Level 1  
  61  13:27  Terran Infantry Weapons Level 2  
  61  13:28  Terran Infantry Armor Level 2  
  59  13:46  Defensive Drone  
  54  13:51  Instant Regeneration  
  54  13:57  Railgun Turret  
  54  14:25  Strike Goliath  
  54  14:29  Ares-Class Targeting System  
  60  14:34  Triple Tap  
  60  14:52  Covert Banshee  
  66  15:02  Advanced Cloaking Field  
  66  15:05  Elite Marine  
  70  15:24  Hellbat Rangers  
  70  15:29  Lockdown Missiles  
  74  15:38  Spec Ops Ghost  
  78  16:28  Railgun Turret  
  78  16:45  Terran Infantry Weapons Level 3, Terran Infantry Armor Level 3  
  78  16:46  Terran Vehicle and Ship Weapons Level 2  
  78  16:57  Tactical Airlift  
  78  17:44  Raven Type-II  
  78  17:47  Covert Banshee  
  78  17:49  Elite Marine  
  90  18:04  Armory  
  90  18:49  Griffin Airstrike  
  90  19:11  Railgun Turret x2  
  90  19:16  Instant Regeneration  
  82  20:09  Defensive Drone  
  82  20:10  Defensive Drone  
  82  20:11  Defensive Drone  
  82  20:19  Griffin Airstrike  
  82  20:31  Railgun Turret  
  82  20:32  Railgun Turret  
  82  21:11  Railgun Turret x2  
  82  21:36  Griffin Airstrike  
  82  21:45  Elite Marine  
  82  21:49  Hellbat Rangers  
  90  21:58  Terran Vehicle And Ship Armor Level 1, Terran Vehicle and Ship Weapons Level 3  
  90  22:45  Railgun Turret  
  90  22:47  Railgun Turret  
  90  22:55  Defensive Drone  
  90  23:00  Griffin Airstrike  
  90  23:37  Defensive Drone  
  80  23:55  Tactical Airlift  
  59  24:11  Elite Marine  
  59  24:15  Hellbat Rangers x2  
  67  25:10  Elite Marine, Hellbat Rangers  
  75  25:21  Railgun Turret  
  71  25:56  Instant Regeneration  
  58  26:12  Griffin Airstrike  
Tags
 
Commander
NovaStukov
Matchup
Co-op
Replay Pack
Multiplayer
Add a new tag
Caveats
  • Supply blocks, unpowered buildings, or Contaminate may cause inaccurate times.
  • Supply counts are checked every 10 seconds.